 Dungeon Crawl Stone Soup version 0.31.0-10-gcf4a605ca0 (webtiles) character file.

Game seed: 11558312383320357302

25325 Arcadio the Severer (level 13, -15/124 HPs)
             Began as a Hill Orc Monk on Jan 25, 2024.
             Was a High Priest of Fedhas.
             Killed from afar by an ice dragon (33 damage)
             ... with a blast of cold
             ... on level 4 of the Lair of Beasts.
             The game lasted 00:24:30 (14850 turns).

Arcadio the Severer (Hill Orc Monk)                Turns: 14850, Time: 00:24:31

Health: -15/124    AC: 17    Str: 24    XL:     13   Next: 18%
Magic:  21/21      EV: 17    Int:  9    God:    Fedhas [*****.]
Gold:   998        SH:  0    Dex: 17    Spells: 12/12 levels left

rFire   . . .        b - +0 broad axe
rCold   . . .        d - orb {light}
rNeg    . . .        J - +0 acid dragon scales
rPois   .            m - +2 helmet
rElec   .            l - +0 cloak
rCorr   +            P - +0 pair of gloves
SInv    .            c - +0 pair of boots
Will    .....        (no amulet)
Stlth   +            u - +5 ring of evasion
HPRegen 0.40/turn    z - +6 ring of strength
MPRegen 0.17/turn

%: no passive effects
@: mighty, glowing
A: hooves 1, agile 1, inability to drink after injury 1
a: Renounce Religion, Wall of Briars, Grow Ballistomycete, Overgrow, Grow Oklob


You were on level 4 of the Lair of Beasts.
You worshipped Fedhas.
Fedhas was extremely pleased with you.
You visited 4 branches of the dungeon, and saw 17 of its levels.

You collected 998 gold pieces.

Inventory:

Hand Weapons
 b - a +0 broad axe (weapon)
 o - the +7 trident "Fanninibb" {freeze, rPois Int-5 Dex+2}
   (You found it on level 3 of the Dungeon)

   Int-5:     It affects your intelligence (-5).
   Dex+2:     It affects your dexterity (+2).
   rPois:     It protects you from poison
 t - a +0 hand axe of flaming
 R - a +0 broad axe
Armour
 c - a +0 pair of boots (worn)
 d - an orb of light (worn)
 l - a +0 cloak (worn)
 m - a +2 helmet (worn)
 v - a +0 kite shield
 J - +0 acid dragon scales (worn)
 P - a +0 pair of gloves (worn)
Jewellery
 u - a +5 ring of evasion (left hand)
 z - a +6 ring of strength (right hand)
 B - a +6 ring of dexterity
 E - a +6 ring of strength
 G - a ring of protection from fire
 H - a ring of resist corrosion
 L - a ring of positive energy
 T - a ring of flight
 W - an amulet of magic regeneration
Wands
 j - a wand of polymorph (6)
 q - a wand of paralysis (5)
 y - a wand of quicksilver (5)
 A - a wand of flame (61)
 N - a wand of digging (4)
Scrolls
 a - a scroll of brand weapon {unknown}
 e - a scroll of butterflies
 f - 3 scrolls of teleportation
 g - 3 scrolls of blinking
 i - 2 scrolls of fog
 n - 3 scrolls of poison
 x - 2 scrolls of revelation
 C - 3 scrolls of immolation
 D - 2 scrolls of vulnerability
 F - a scroll of silence
 I - a scroll of amnesia {unknown}
 K - a scroll of enchant weapon
 Q - a scroll of enchant armour {unknown}
 U - a scroll of noise {unknown}
Potions
 h - 2 potions of might
 k - 7 potions of curing
 p - 2 potions of attraction
 s - a potion of lignification
 w - a potion of cancellation
 M - a potion of enlightenment
 O - 4 potions of ambrosia
 S - a potion of brilliance {unknown}
 V - a potion of haste
 X - a potion of invisibility {unknown}


   Skills:
 + Level 14.2 Fighting
 + Level 15.4 Axes
 + Level 12.6 Armour
 - Level 2.4 Dodging
 + Level 11.8 Invocations


You had 12 spell levels left.
You didn't know any spells.
Your spell library contained the following spells:

 Spells                   Type           Power      Damage    Failure   Level
 Apportation              Tloc           0%         N/A       43%         1
 Freeze                   Ice            0%         1d3       43%         1
 Necrotise                Necr           0%         1d4       43%         1
 Sting                    Conj/Alch      0%         1d3       43%         1
 Summon Small Mammal      Summ           0%         N/A       43%         1
 Ensorcelled Hibernation  Hex/Ice        0%         N/A       56%         2
 Frozen Ramparts          Ice            0%         1d1       80%         3
 Fugue of the Fallen      Necr           0%         N/A       80%         3
 Hailstorm                Conj/Ice       0%         3d5       80%         3
 Inner Flame              Hex/Fire       0%         N/A       80%         3
 Ozocubu's Armour         Ice            0%         N/A       80%         3
 Anguish                  Hex/Necr       0%         N/A       99%         4
 Irradiate                Conj/Alch      0%         3d11      100%        5
 Metabolic Englaciation   Hex/Ice        0%         N/A       100%        5
 Conjure Ball Lightning   Conj/Air       0%         3x3d6     100%        6
 Sculpt Simulacrum        Ice/Alch       0%         N/A       100%        6
 Ozocubu's Refrigeration  Ice            0%         4d7       100%        7
 Discord                  Hex            0%         N/A       100%        8
 Disjunction              Tloc           0%         N/A       100%        8
 Ignition                 Fire           0%         3d3       100%        8
 Polar Vortex             Ice            0%         N/A       100%        9


Dungeon Overview and Level Annotations

Branches:
Dungeon (11/15)            Temple (1/1) D:7            Lair (4/5) D:11
  Swamp (0/4) Lair:3       Spider (0/4) Lair:2        Slime (0/5) Lair:4
    Orc (1/2) D:10

Altars:
Ashenzari
Cheibriados
Dithmenos
Elyvilon
Fedhas
Gozag
Hepliaklqana
Kikubaaqudgha
Makhleb
Nemelex Xobeh
Okawaru
Qazlal
Sif Muna
Trog
Uskayaw
Vehumet
Wu Jian
Xom
Zin
The Shining One
Beogh
Jiyva

Shops:
D:1 !

Annotations:
D:3 1 runed translucent door, Arcadio's ghost, amateur HuMo
D:5 Sigmund
D:6 2 transporters
D:7 2 transporters, Raspi's ghost, novice MiFi
D:9 1 runed translucent door, Millikuen's ghost, novice MiFi


Innate Abilities, Weirdness & Mutations

You have large cloven feet.
You are agile. (Dex +4, Str/Int -1)
You occasionally lose the ability to drink potions when taking damage.


Message History

The ice dragon is heavily wounded.
The ice dragon bites you. The ice dragon claws you!
The ice dragon tramples you.
You stumble backwards!
Splash!
You fall into the shallow water.
Moving in this stuff is going to be slow.
Your unstable footing causes you to fumble your attack.
You are engulfed in freezing vapours.
The ice dragon bites you! The ice dragon misses you.
The ice dragon barely misses you.
Your unstable footing causes you to fumble your attack.
The ice dragon bites you but does no damage.
The ice dragon barely misses you. The ice dragon tramples you.
You hold your ground!
You hit the ice dragon but do no damage.
The ice dragon is heavily wounded.
You slash the white imp!
You kill the white imp!
Fedhas accepts your kill. The ice dragon bites you. The ice dragon misses you.
The ice dragon tramples you.
You stumble backwards!
Splash!
You slice the ice dragon!!
The ice dragon is almost dead.
The ice dragon breathes frost at you. The blast of cold hits you!!!
* * * LOW HITPOINT WARNING * * *
Unknown command.
Okay, then.
Blink to where?
Press: ? - help, Dir - move target
As you read the scroll of blinking, it crumbles to dust.
The white imp gestures at you. The puff of frost hits you.
* * * LOW HITPOINT WARNING * * *
The ice dragon breathes frost at you.
The blast of cold hits the plant!!!
The plant begins to die.
The blast of cold hits the plant!!
The plant begins to die.
The blast of cold hits you!!
You die...
Fedhas appreciates your contribution to the ecosystem.

#.~~≈≈≈~~...~≈≈≈.#
#..≈≈~~~....≈≈≈≈≈#~
#..#~~~...⌠..~~~≈~~. .
##...55.......~~~.. ..
# #.####.#.....~.... ..
# # #5.##....~#.. .#
###### ##..##...### ..
.##..###...DPP.+#P##.##
......##.##.....@....P#
.....+.####.##.P#...###
.....#..#.#.....#...##
..........#.##..###.P#
.....##.#............#
.....P#####.#.....#..#
##..### #...#......#
#### ##P#.+P.####
####.#..##


You could see an ice dragon (catching breath).

Vanquished Creatures
  A hydra (Lair:3)
  A two-headed ogre (D:9)
  A skyshark (Lair:3)
  Amaemon (Lair:3)
  A swamp dragon (Lair:3)
  A wolf spider (Lair:2)
  An orc sorcerer (Orc:1)
  13 elephants
  2 cyclopes (D:11)
  A black mamba (Lair:3)
  An orange demon (Lair:3)
  2 cane toads
  5 rime drakes
  4 komodo dragons
  A polar bear (D:11)
  A troll (D:10)
  A hornet (D:10)
  A tarantella (Lair:2)
  7 blink frogs
  A shadow (D:11)
  22 yaks
  6 wyverns
  2 slime creatures (Lair:4)
  A wraith (D:7)
  A warg (D:10)
  2 steam dragons
  2 acid dragons (D:9)
  5 water moccasins
  2 sky beasts (D:7)
  3 orc warriors
  A black bear (D:6)
  5 ice beasts
  An ogre (D:7)
  6 centaurs
  9 wolves
  3 phantoms
  7 kobold brigands
  8 bullfrogs
  2 scorpions
  6 killer bees (D:9)
  4 howler monkeys
  A bombardier beetle (D:4)
  5 hounds
  4 jellies
  9 orc priests
  A gnoll bouda (D:7)
  4 iguanas
  6 orc wizards
  Natasha (thrice) (D:3)
  11 gnolls
  5 adders
  3 white imps
  2 ufetubi (D:6)
  6 dart slugs
  4 ribbon worms
  34 orcs
  2 ball pythons
  8 endoplasms
  5 giant cockroaches
  11 hobgoblins
  3 quokkas
  6 bats
  4 frilled lizards
  9 goblins
  32 kobolds
  5 rats
328 creatures vanquished.

Vanquished Creatures (collateral kills)
  14 ballistomycete spores
14 creatures vanquished.

Grand Total: 342 creatures vanquished

Notes
Turn   | Place    | Note
-------+----------+-------------------------------------------
     0 | D:1      | Arcadio the Hill Orc Monk began the quest for the Orb.
     0 | D:1      | Reached XP level 1. HP: 19/19 MP: 1/1
   111 | D:1      | Found Fatziel's Distillery.
   151 | D:1      | Reached XP level 2. HP: 25/27 MP: 2/2
   179 | D:1      | Reached skill level 1 in Armour
   559 | D:1      | Reached XP level 3. HP: 26/33 MP: 3/3
  1240 | D:2      | Found a shimmering altar of Xom.
  1303 | D:3      | Reached XP level 4. HP: 38/41 MP: 4/4
  1307 | D:3      | Reached skill level 5 in Axes
  1307 | D:3      | Identified the +7 trident "Fanninibb" {freeze, rPois Int-5
                  | Dex+2}
  1518 | D:3      | Noticed Natasha
  1520 | D:3      | Found a hazy altar of Hepliaklqana.
  1528 | D:3      | Killed Natasha
  1529 | D:3      | Reached XP level 5. HP: 16/47 MP: 5/5
  1537 | D:3      | Noticed Natasha
  1551 | D:3      | Killed Natasha
  1552 | D:3      | Reached skill level 5 in Fighting
  1587 | D:3      | Noticed Natasha
  1605 | D:3      | Killed Natasha
  1700 | D:3      | Found a shimmering altar of Xom.
  1880 | D:3      | Found a blossoming altar of Fedhas.
  1880 | D:3      | Found an ancient bone altar of Kikubaaqudgha.
  1885 | D:3      | Became a worshipper of Fedhas Madash
  1885 | D:3      | Reached * piety under Fedhas
  1885 | D:3      | Reached ** piety under Fedhas
  1933 | D:3      | Found a runed translucent door.
  1934 | D:3      | Noticed an ogre
  1934 | D:3      | Noticed Arcadio's ghost (amateur HuMo)
  2175 | D:4      | Reached XP level 6. HP: 46/56 MP: 6/6
  2267 | D:4      | Reached skill level 6 in Axes
  2435 | D:4      | Found a snail-covered altar of Cheibriados.
  2997 | D:4      | Reached XP level 7. HP: 42/63 MP: 7/7
  3149 | D:5      | Entered Level 5 of the Dungeon
  3179 | D:5      | Found a bloodstained altar of Trog.
  3240 | D:5      | Reached skill level 7 in Axes
  3308 | D:5      | Reached skill level 5 in Armour
  3396 | D:5      | Noticed Sigmund
  3430 | D:6      | Reached XP level 8. HP: 14/73 MP: 8/8
  3438 | D:6      | Reached *** piety under Fedhas
  3467 | D:6      | Reached skill level 8 in Axes
  4127 | D:6      | Reached skill level 9 in Axes
  4177 | D:6      | Found a shimmering blue altar of Sif Muna.
  4178 | D:6      | Found a radiant altar of Vehumet.
  4178 | D:6      | Noticed a kobold demonologist
  4179 | D:6      | Noticed a komodo dragon
  4179 | D:6      | Noticed a shadow
  4180 | D:6      | Found a transporter.
  4180 | D:6      | Noticed a gargoyle
  4205 | D:6      | Found a transporter.
  4429 | D:7      | Noticed a wraith
  4440 | D:7      | Killed a wraith
  4441 | D:7      | Reached XP level 9. HP: 74/82 MP: 9/9
  4711 | D:7      | Reached **** piety under Fedhas
  4716 | D:7      | Reached skill level 10 in Axes
  4948 | D:7      | Found a sparkling altar of Nemelex Xobeh.
  5014 | D:7      | Found a staircase to the Ecumenical Temple.
  5020 | Temple   | Entered the Ecumenical Temple
  5152 | D:7      | Reached skill level 1 in Invocations
  5234 | D:7      | Found a transporter.
  5240 | D:7      | Noticed Raspi's ghost (novice MiFi)
  5255 | D:7      | Found a transporter.
  5585 | D:8      | Found an opulent altar of Gozag.
  5630 | D:8      | Reached skill level 10 in Fighting
  6099 | D:8      | Found an opulent altar of Gozag.
  6116 | D:8      | Found an opulent altar of Gozag.
  6131 | D:8      | Found an opulent altar of Gozag.
  6153 | D:8      | Reached XP level 10. HP: 82/93 MP: 12/12
  6311 | D:9      | Reached skill level 11 in Axes
  6970 | D:9      | Reached ***** piety under Fedhas
  7003 | D:9      | Found a white marble altar of Elyvilon.
  7232 | D:9      | Found a runed translucent door.
  7390 | D:9      | Noticed Millikuen's ghost (novice MiFi)
  7434 | D:10     | Entered Level 10 of the Dungeon
  7697 | D:10     | Reached skill level 5 in Invocations
  7866 | D:10     | Noticed a two-headed ogre
  7884 | D:9      | Killed a two-headed ogre
  8056 | D:10     | Found a burning altar of Makhleb.
  8508 | D:10     | Found a staircase to the Orcish Mines.
  8856 | Orc:1    | Entered Level 1 of the Orcish Mines
  8856 | Orc:1    | Found a roughly hewn altar of Beogh.
  8865 | Orc:1    | Noticed an orc sorcerer
  8873 | Orc:1    | Gained mutation: You are occasionally teleported next to
                  | monsters. [a neqoxec]
  8874 | Orc:1    | Gained mutation: You sometimes lose your temper in combat.
                  | [a neqoxec]
  8878 | Orc:1    | Noticed an orange demon
  8924 | Orc:1    | Killed an orc sorcerer
  8925 | Orc:1    | Reached skill level 12 in Axes
  9096 | Orc:1    | Noticed a kobold blastminer
  9101 | Orc:1    | Noticed a kobold blastminer
  9783 | D:11     | Reached XP level 11. HP: 102/102 MP: 15/15
  9801 | D:11     | Reached skill level 10 in Armour
  9877 | D:11     | Noticed a cyclops
  9881 | D:11     | Found a staircase to the Lair.
  9899 | D:11     | Killed a cyclops
 10038 | D:11     | Noticed a cyclops
 10054 | D:11     | Killed a cyclops
 10445 | D:11     | Reached skill level 13 in Axes
 10907 | Lair:1   | Entered Level 1 of the Lair of Beasts
 11002 | Lair:1   | Lost mutation: You are occasionally teleported next to
                  | monsters. [potion of mutation]
 11002 | Lair:1   | Lost mutation: You sometimes lose your temper in combat.
                  | [potion of mutation]
 11002 | Lair:1   | Gained mutation: You are agile. (Dex +4, Str/Int -1)
                  | [potion of mutation]
 11002 | Lair:1   | Gained mutation: You occasionally lose the ability to drink
                  | potions when taking damage. [potion of mutation]
 11002 | Lair:1   | Gained mutation: You have large cloven feet. [potion of
                  | mutation]
 11455 | Lair:1   | Reached XP level 12. HP: 38/113 MP: 18/18
 11863 | Lair:1   | Reached skill level 14 in Axes
 12465 | Lair:2   | Reached skill level 10 in Invocations
 12488 | Lair:2   | Found a hole to the Spider Nest.
 12837 | Lair:2   | Noticed a six-headed hydra
 12842 | Lair:3   | Found a staircase to the Swamp.
 12865 | Lair:3   | Reached ****** piety under Fedhas
 13030 | Lair:3   | Noticed a skyshark
 13037 | Lair:3   | Killed a skyshark
 13169 | Lair:3   | Noticed a six-headed hydra
 13175 | Lair:3   | Killed a six-headed hydra
 13425 | Lair:3   | Noticed Amaemon
 13449 | Lair:3   | Killed Amaemon
 13559 | Lair:3   | Reached skill level 15 in Axes
 14322 | Lair:4   | Reached XP level 13. HP: 123/123 MP: 21/21
 14445 | Lair:4   | Found a staircase to the Slime Pits.
 14445 | Lair:4   | Found a viscous altar of Jiyva.
 14826 | Lair:4   | Noticed an ice dragon
 14850 | Lair:4   | Killed from afar by an ice dragon

Illustrated notes

Levels and vault maps discovered:
D:1:      nagdon_arrival_double_spiral, layout_loops_ring, serial_shops, shop
D:2:      layout_rooms, basic_altar
D:3:      layout_basic, grunt_temple_overflow_growth_and_decay,
          brannock_xom_greatest_gift, nicolae_hepliaklqana_hazy_memory,
          ebering_ghost_inner_flame, corexii_hall_statues_u, uniq_natasha
D:4:      layout_basic, cheibrodos_worm_habitat,
          eino_small_chamber_without_monster, kennysheep_minor_cross
D:5:      layout_cave_pools, old_standard_altar, kennysheep_little_box,
          mainiacjoe_overflow_boulevard, uniq_sigmund
D:6:      layout_loops_cross, gammafunk_temple_overflow_arena,
          kennysheep_cross_room
D:7:      layout_loops_ring, nemelex_diamond_rough_becter, temple_green,
          gammafunk_ghost_stat_death
D:8:      layout_rooms, nicolae_gozag_conspicuous_consumption
D:9:      layout_loops_ring, marbit_many_paths, ebering_ghost_reflecting_pool
D:10:     layout_layer_cave, mainiacjoe_overflow_concentric_impassable,
          orc_0_dummy
D:11:     layout_loops_ring, hellmonk_lair_entry_icy
Temple:   nicolae_temple_superstar
Lair:1:   layout_cave_pods, serial_bayou_shore_b, grunt_megastairs_2
Lair:2:   layout_hall_layers, spider_nest_entry_rubble, lemuel_fruit_tree,
          grunt_megastairs_4, uniq_maggie
Lair:3:   layout_layer_cave, minmay_swamp_entry_reptiles,
          grunt_forest_large_clearings, uniq_amaemon
Lair:4:   layout_roguey, minmay_slime_entry_pillars, bobbens_ice_dragon_lair
Orc:1:    layout_diamond_mine, basic_altar, regret_index_minedec_devilstone,
          bloody_makhleb

Skill      XL: |  1  2  3  4  5  6  7  8  9 10 11 12 13 |
---------------+----------------------------------------+-----
Armour         | 1 2 3 4 5 6 8 9 11 12 | 12.6
Fighting       | 4 5 6 7 8 10 11 12 13 14 | 14.2
Axes           | 5 6 7 9 10 12 13 15 | 15.4
Invocations    | 3 6 9 11 | 11.8
Dodging        | |  2.4

Action                     |  1- 3 |  4- 6 |  7- 9 | 10-12 | 13-15 || total
---------------------------+-------+-------+-------+-------+-------++-------
  Melee: Hand axe          |    63 |       |       |       |       ||    63
         War axe           |    37 |   109 |   294 |    80 |       ||   520
         Broad axe         |       |       |       |   385 |    86 ||   471
 Invoke: Wall of Briars    |       |       |     1 |       |       ||     1
         Grow Ballistomyce |       |       |       |     5 |       ||     5
    Use: Scroll            |       |     2 |     7 |     1 |     6 ||    16
         Potion            |       |       |     1 |     7 |     1 ||     9
   Stab: Confused          |       |       |       |     2 |       ||     2
 Armour: Robe              |    33 |       |       |       |       ||    33
         Leather armour    |    19 |    69 |       |       |       ||    88
         Scale mail        |       |    16 |   243 |    20 |       ||   279
         Skin              |       |     1 |       |       |       ||     1
         Acid dragon scale |       |       |       |   327 |    69 ||   396
  Dodge: Dodged            |    59 |    74 |   233 |   459 |    65 ||   890
